 Dungeon Crawl Stone Soup version 0.24.1-4-ge52af88ad5 (webtiles) character file.

Game seed: 4913024276741632453, levelgen mode: deterministic

735 raph the Changer (level 7, -2/52 HPs)
             Began as a White Draconian Transmuter on Apr 19, 2020.
             Slain by an orc warrior
             ... wielding a +0 dire flail
              (13 damage)
             ... on level 6 of the Dungeon.
             The game lasted 00:11:01 (5780 turns).

raph the Changer (White Draconian Transmuter)       Turns: 5780, Time: 00:11:02

Health: -2/52      AC:  6    Str: 12    XL:     7   Next: 45%
Magic:  7/11       EV: 12    Int: 14    God:
Gold:   338        SH:  0    Dex: 13    Spells: 3/11 levels left

rFire    . . .     SeeInvis .     - Unarmed
rCold    + + .     Gourm    .   (shield currently unavailable)
rNeg     + . .     Faith    .   (armour unavailable)
rPois    .         Spirit   .   (helmet restricted)
rElec    .         Reflect  .   (no cloak)
rCorr    .         Harm     .   (gloves currently unavailable)
MR       .....                  (no boots)
Stlth    +.........             (no amulet)
HPRegen  0.17/turn              e - ring of positive energy
MPRegen  0.12/turn              j - ring of protection from cold

@: blade hands
A: breathe frost, unfitting armour, cold resistance 1, cold-blooded, AC +6
a: Breathe Frost, End Transformation


You were on level 6 of the Dungeon.
You were very hungry.
You had blades for hands.
You visited 1 branch of the dungeon, and saw 6 of its levels.

You collected 338 gold pieces.

Inventory:

Missiles
 a - 59 arrows
 f - 230 stones
 h - 23 poisoned darts (quivered)
 n - 8 boomerangs
Jewellery
 e - a ring of positive energy (left scythe-like blade)
 j - a ring of protection from cold (right scythe-like blade)
Wands
 d - a wand of acid (9)
Scrolls
 k - a scroll of identify
 l - 4 scrolls of teleportation
Potions
 b - a potion of brilliance
 g - 2 potions of lignification
 i - a potion of haste
 m - a potion of magic {unknown}
 o - a potion of might {unknown}
Comestibles
 c - 10 rations


   Skills:
 - Level 1.1 Fighting
 - Level 1.7 Dodging
 - Level 4.3 Unarmed Combat
 - Level 2.7 Spellcasting
 * Level 7.6 Transmutations


You had 3 spell levels left.
You knew the following spells:

 Your Spells              Type           Power        Failure   Level  Hunger
a - Beastly Appendage     Tmut           ###...       16%         1    #......
b - Sticks to Snakes      Tmut           ###.....     19%         2    ###....
c - Blade Hands           Tmut           ###.......   69%         5    ######.

Your spell library contained the following spells:

 Spells                   Type           Power        Failure   Level  Hunger
 Spider Form              Tmut/Pois      ##........   54%         3    ###....
 Ice Form                 Ice/Tmut       ##......     83%         4    #####..


Dungeon Overview and Level Annotations

Branches:
Dungeon (6/15)
 Temple: D:4-7

Altars:

Annotations:
D:2 Sigmund
D:4 exclusion: ogre


Innate Abilities, Weirdness & Mutations

You can breathe waves of freezing cold.
You can buffet flying creatures when you breathe cold.
Your icy white scales are hard. (AC +6)
You cannot fit into any form of body armour.
Your flesh is cold resistant. (rC+)
You are cold-blooded and may be slowed by cold attacks.


Message History

You butcher the orc corpse.
An orc wizard comes into view. It is wielding a +0 dagger.
You stop butchering the corpse.
An orc warrior comes into view. It is wielding a +0 dire flail.
Unknown command.
Eat one of 2 chunks of flesh? (ye/n/q)
You eat one of the 2 chunks of flesh.
This raw flesh tastes terrible.
You are feeling very hungry.
You barely miss the orc warrior.
The orc wizard shouts!
You hear a shout!
The orc warrior closely misses you.
An orc comes into view.
The orc shouts!
You barely miss the orc warrior.
Your tail-slap misses the orc warrior.
You slice the orc warrior!!
The orc warrior is almost dead.
The orc wizard hits you with a +0 dagger.
* * * LOW HITPOINT WARNING * * *
The orc warrior hits you with a +0 dire flail!
You die...

#####
#.#####...#
#.....@o..###
#..).####o....#
#....####.....#
#..(.....o.<..#
........)....#
.........#.###
...<.....#.#
...o.....#.#
.....#.#.#.#


You could see an orc warrior, an orc wizard and an orc.

Vanquished Creatures
  A black bear (D:6)
  2 ogres (D:5)
  2 scorpions (D:4)
  A jelly (D:6)
  An orc priest (D:4)
  An orc wizard (D:4)
  A centaur skeleton (D:5)
  An iguana (D:4)
  A bullfrog skeleton (D:5)
  A hound skeleton (D:5)
  10 adders
  2 worms
  3 leopard geckos
  3 orcs
  A ball python (D:1)
  9 bats
  3 giant cockroaches
  6 goblins
  7 hobgoblins
  7 jackals
  10 kobolds
  4 frilled lizards
  5 rats
82 creatures vanquished.

Vanquished Creatures (collateral kills)
  A howler monkey (D:5)
  A worker ant (D:5)
2 creatures vanquished.

Grand Total: 84 creatures vanquished

Notes
Turn   | Place    | Note
-------+----------+-------------------------------------------
     0 | D:1      | raph the Draconian Transmuter began the quest for the Orb.
     0 | D:1      | Reached XP level 1. HP: 16/16 MP: 3/3
   416 | D:1      | Reached XP level 2. HP: 18/23 MP: 1/5
   987 | D:2      | Learned a level 2 spell: Sticks to Snakes
  1103 | D:2      | Reached XP level 3. HP: 13/28 MP: 6/6
  1695 | D:2      | Reached skill level 3 in Transmutations
  1893 | D:2      | Reached XP level 4. HP: 21/35 MP: 5/7
  2079 | D:2      | Noticed Sigmund
  3128 | D:4      | Reached XP level 5. HP: 36/40 MP: 9/9
  3146 | D:4      | Learned a level 5 spell: Blade Hands
  3482 | D:4      | Reached skill level 4 in Transmutations
  4134 | D:4      | Noticed an ogre
  4166 | D:4      | Reached skill level 5 in Transmutations
  4166 | D:4      | Reached XP level 6. HP: 26/47 MP: 10/10
  4697 | D:5      | Entered Level 5 of the Dungeon
  4807 | D:5      | Reached skill level 6 in Transmutations
  4956 | D:5      | Your scales start taking on an icy white colour.
  4956 | D:5      | Reached XP level 7. HP: 6/52 MP: 3/11
  4956 | D:5      | Gained mutation: Your flesh is cold resistant. (rC+) [White
                  | Draconian growth]
  5253 | D:5      | Reached skill level 7 in Transmutations
  5780 | D:6      | Slain by an orc warrior

Levels and vault maps discovered:
D:1:      dpeg_arrival_tiny_a, layout_loops_cross
D:2:      layout_rooms, uniq_sigmund
D:3:      layout_loops_cross
D:4:      layout_basic, first_ration, kennysheep_minor_cross
D:5:      layout_basic
D:6:      layout_basic, minmay_temple_entry_slanted,
          cheibrodos_sewer_entry_drain, uniq_menkaure

Skill      XL: |  1  2  3  4  5  6  7 |
---------------+----------------------+-----
Transmutations | 3 5 6 7 |  7.6
Unarmed Combat | 4 |  4.3
Fighting       | |  1.1
Dodging        | |  1.7
Spellcasting   | |  2.7

Action                   |  1- 3 |  4- 6 |  7- 9 || total
-------------------------+-------+-------+-------++-------
Melee: Unarmed           |   157 |   195 |    30 ||   382
       Headbutt          |     6 |     7 |     1 ||    14
       Tailslap          |     9 |    17 |     3 ||    29
       Punch             |     1 |     5 |       ||     6
       Kick              |     3 |    27 |     4 ||    34
 Cast: Beastly Appendage |    16 |    22 |     4 ||    42
       Sticks to Snakes  |       |     4 |       ||     4
       Blade Hands       |       |     2 |     1 ||     3
  Use: Scroll            |       |     4 |     4 ||     8
 Stab: Sleeping          |       |     4 |       ||     4
  Eat: Chunk             |     4 |     7 |     2 ||    13
       Ration            |       |     1 |       ||     1
Armor: Skin              |    54 |    49 |     6 ||   109
Dodge: Dodged            |   115 |   140 |    17 ||   272
